 Dungeon Crawl Stone Soup version 0.30-a0-354-g6b83867211 (webtiles) character file.

Game seed: 12679337444635597256

773201 BLiZZARD the Shatterer (level 27, 0/228 HPs)
             Began as a Demonspawn Fighter on Nov 7, 2022.
             Was the Champion of Makhleb.
             Killed from afar by a war gargoyle (12 damage)
             ... with a spray of metal splinters
             ... on level 5 of a ziggurat.
             The game lasted 03:39:26 (73064 turns).

BLiZZARD the Shatterer (Demonspawn Fighter)        Turns: 73064, Time: 03:39:27

Health: 0/228      AC: 25    Str: 42      XL:     27
Magic:  52/52      EV: 21    Int: 34 (37) God:    Makhleb [******]
Gold:   5124       SH: 18    Dex: 10      Spells: 44/51 levels left

rFire   + + +      SeeInvis .    T - +10 flail "Bazit" {spect, +Blink}
rCold   + + .      Faith    .    e - +2 kite shield of Howling Wind {rN+}
rNeg    + . .      Spirit   .    P - +5 scale mail of Fodd {+Inv Str+8}
rPois   +          Reflect  .    Z - +2 helmet of Absence {Drain Regen+ MP+9 Str+7}
rElec   .          Harm     .    i - +1 cloak of the Cobbler {Will+ Int+9}
rCorr   .          Rampage  .    A - +1 pair of gloves of Teqyny {rC++ Will++ Str-3}
Will    +++++                    (boots unavailable)
Stlth   ..........               u - amulet "Ziap Nic" {Acrobat rF++ Regen+ Int+4 Dex-4}
HPRegen 2.18/turn                S - ring "Cozxior" {Drain rF++ Will+ Str+4 Int+3}
MPRegen 0.33/turn                c - ring "Cyecu" {rF+ Str+6 Int+4}

@: repel missiles
A: hooves 3, repulsion field 3, ignite blood 3, powered by death 3, augmentation
3, high MP 1, poison resistance, weak 1
}: 6/15 runes: barnacled, slimy, silver, abyssal, fiery, gossamer
a: Renounce Religion, Evoke Blink, Evoke Invisibility, Minor Destruction, Lesser
Servant of Makhleb, Major Destruction, Greater Servant of Makhleb


You were on level 5 of a ziggurat.
You worshipped Makhleb.
Makhleb was exalted by your worship.
You visited 14 branches of the dungeon, and saw 61 of its levels.
You visited Pandemonium 1 time, and saw 3 of its levels.
You visited the Abyss 2 times.
You visited 1 bazaar.
You visited 1 ziggurat, and saw 5 of its levels.
You also visited: Trove and Sewer.

You collected 11910 gold pieces.
You spent 6786 gold pieces at shops.

Inventory:

Hand Weapons
 f - a +1 vampiric demon whip
 l - the +6 sword of Cerebov {flame}
   (You took it off Cerebov in Pandemonium)

   It burns those it strikes, dealing additional fire damage.
   Big, fiery blades are also staple armaments of hydra-hunters.
   It temporarily reduces the fire resistance of those it strikes.
 x - a +9 demon whip of chaos
 T - the +10 flail "Bazit" (weapon) {spect, +Blink}
   (You found it on level 4 of the Lair of Beasts)

   When its wielder attacks, the weapon's spirit leaps out and strikes again.
   The spirit shares a part of any damage it takes with its wielder.
   +Blink:    It lets you blink.
 W - a +2 eveningstar of venom
Missiles
 p - 6 throwing nets (quivered)
Armour
 b - the +3 helmet of Joox {Rampage rPois rC+ Dex+4}
   (Okawaru gifted it to you on level 4 of the Vaults)

   Dex:       It affects your dexterity (+4).
   rC:        It protects you from cold.
   rPois:     It protects you from poison.
   Rampage:   It bestows one free step when moving towards enemies.
 e - the +2 kite shield of Howling Wind (worn) {rN+}
   (Okawaru gifted it to you on level 15 of the Dungeon)

   rN:        It protects you from negative energy.
 i - the +1 cloak of the Cobbler (worn) {Will+ Int+9}
   (Okawaru gifted it to you on level 1 of the Vaults)

   Int:       It affects your intelligence (+9).
   Will:      It increases your willpower.
 n - the +0 leather armour of Insatiable Hunger {Int+7}
   (You found it on level 5 of the Pits of Slime)

   Int:       It affects your intelligence (+7).
 v - +3 gold dragon scales
 A - the +1 pair of gloves of Teqyny (worn) {rC++ Will++ Str-3}
   (You found it in a treasure trove)

   Str:       It affects your strength (-3).
   rC:        It greatly protects you from cold.
   Will:      It greatly increases your willpower.
 J - the +5 buckler of Nice the Leaf {-Cast Contam Slay+4 SInv}
   (Okawaru gifted it to you on level 11 of the Dungeon)

   Slay:      It affects your accuracy & damage with ranged weapons and melee
   (+4).
   SInv:      It lets you see invisible.
   -Cast:     It prevents spellcasting.
   Contam:    It causes magical contamination when unequipped.
 P - the +5 scale mail of Fodd (worn) {+Inv Str+8}
   (You found it on level 4 of the Shoals)

   Str:       It affects your strength (+8).
   +Inv:      It lets you turn invisible.
 Z - the +2 helmet of Absence (worn) {Drain Regen+ MP+9 Str+7}
   (Okawaru gifted it to you on level 5 of the Vaults)

   Str:       It affects your strength (+7).
   MP:        It affects your magic capacity (+9).
   Regen:     It increases your rate of health regeneration.
   Drain:     It drains your maximum health when unequipped.
Jewellery
 c - the ring "Cyecu" (right hand) {rF+ Str+6 Int+4}
   (You took it off a deep elf annihilator on level 3 of the Elven Halls)

   [ring of protection from fire]

   Str:       It affects your strength (+6).
   Int:       It affects your intelligence (+4).
   rF:        It protects you from fire.
 g - the amulet "Caosuery" {rF+ Regen+}
   (You found it on level 5 of the Pits of Slime)

   [amulet of regeneration]

   rF:        It protects you from fire.
   Regen:     It increases your rate of health regeneration.
 h - the amulet of Demons {Acrobat Drain Dex+7}
   (You found it on level 1 of the Elven Halls)

   [amulet of the acrobat]

   It increases your evasion while moving and waiting.
   Dex:       It affects your dexterity (+7).
   Drain:     It drains your maximum health when unequipped.
 m - the amulet of Jealousy {Spirit Will+ Int+3}
   (You found it in Pandemonium)

   [amulet of guardian spirit]

   It causes incoming damage to be divided between your reserves of health and
   magic.
   Int:       It affects your intelligence (+3).
   Will:      It increases your willpower.
 u - the amulet "Ziap Nic" (around neck) {Acrobat rF++ Regen+ Int+4 Dex-4}
   (You took it off a balrug in Pandemonium)

   [amulet of the acrobat]

   It increases your evasion while moving and waiting.
   Int:       It affects your intelligence (+4).
   Dex:       It affects your dexterity (-4).
   rF:        It greatly protects you from fire.
   Regen:     It increases your rate of health regeneration.
 y - the ring "Jeshriofa" {rF+ Will+ Int+4 Dex+2 Slay-4}
   (You found it in Pandemonium)

   [ring of willpower]

   Int:       It affects your intelligence (+4).
   Dex:       It affects your dexterity (+2).
   Slay:      It affects your accuracy & damage with ranged weapons and melee
   (-4).
   rF:        It protects you from fire.
   Will:      It increases your willpower.
 E - an amulet of magic regeneration
 S - the ring "Cozxior" (left hand) {Drain rF++ Will+ Str+4 Int+3}
   (You acquired it on level 4 of the Lair of Beasts)

   [ring of willpower]

   Str:       It affects your strength (+4).
   Int:       It affects your intelligence (+3).
   rF:        It greatly protects you from fire.
   Drain:     It drains your maximum health when unequipped.
   Will:      It increases your willpower.
 Y - the ring of Javacwef {+Blink rN+ rCorr Int-2 Slay+3}
   (You bought it in a shop on level 3 of the Vaults)

   [ring of resist corrosion]

   Int:       It affects your intelligence (-2).
   Slay:      It affects your accuracy & damage with ranged weapons and melee
   (+3).
   rN:        It protects you from negative energy.
   +Blink:    It lets you blink.
   rCorr:     It protects you from acid and corrosion.
Wands
 r - a wand of digging (12)
Scrolls
 a - 41 scrolls of identify
 j - 14 scrolls of vulnerability
 q - a scroll of blinking
 s - 9 scrolls of amnesia
 t - 5 scrolls of fear
 w - 13 scrolls of poison
 B - a scroll of summoning
 C - 6 scrolls of silence
 D - 24 scrolls of teleportation
 G - 13 scrolls of magic mapping
 R - 6 scrolls of immolation
Potions
 o - 6 potions of cancellation
 H - 14 potions of curing
 I - 7 potions of brilliance
 K - 2 potions of resistance
 L - 6 potions of mutation
 N - 8 potions of magic
 O - 2 potions of ambrosia
 V - 2 potions of flight
Miscellaneous
 d - a box of beasts
 z - a condenser vane
 M - a tin of tremorstones (2/2)
 U - a phantom mirror
 X - a box of beasts


   Skills:
 - Level 21.2 Fighting
 - Level 2.0 Long Blades
 - Level 25.1 Maces & Flails
 - Level 18.7 Armour
 - Level 18.6 Dodging
 - Level 25.0 Shields
 * Level 12.5 Spellcasting
 - Level 12.3 Transmutations
 - Level 10.2 Invocations


You had 44 spell levels left.
You knew the following spells:

 Your Spells              Type           Power      Damage    Failure   Level
a - Storm Form            Tmut/Air       29%        N/A       91%         7

Your spell library contained the following spells:

 Spells                   Type           Power      Damage    Failure   Level
 Sting                    Tmut/Pois      100%       1d8       1%          1
 Passwall                 Tmut/Erth      48%        N/A       1%          2
 Ignite Poison            Fire/Tmut/Pois 49%        N/A       1%          3
 Blade Hands              Tmut           40%        N/A       1%          5
 Ice Form                 Ice/Tmut       58%        N/A       2%          4
 Petrify                  Tmut/Erth      58%        N/A       2%          4
 Apportation              Tloc           42%        N/A       3%          1
 Magic Dart               Conj           84%        1d7       3%          1
 Necrotise                Necr           84%        1d8       3%          1
 Shock                    Conj/Air       84%        1d8       3%          1
 Summon Small Mammal      Summ           84%        N/A       3%          1
 Blink                    Tloc           42%        N/A       4%          2
 Cigotuvi's Dreadful Rot  Necr/Pois/Air  42%        N/A       4%          2
 Ensorcelled Hibernation  Hex/Ice        42%        N/A       4%          2
 Momentum Strike          Conj/Tloc      42%        3d9       4%          2
 Poisonous Vapours        Pois/Air       42%        N/A       4%          2
 Sublimation of Blood     Necr           21%        N/A       4%          2
 Alistair's Intoxication  Tmut/Pois      38%        N/A       7%          5
 Irradiate                Conj/Tmut      29%        3d21      7%          5
 Yara's Violent Unravell  Hex/Tmut       29%        3d12      7%          5
 Call Canine Familiar     Summ           21%        N/A       10%         3
 Dazzling Flash           Conj/Hex       42%        N/A       10%         3
 Frozen Ramparts          Ice            42%        1d7       10%         3
 Gell's Gravitas          Tloc           21%        N/A       10%         3
 Hailstorm                Conj/Ice       21%        3d6       10%         3
 Kindle Blastsparks       Fire/Tloc/Air  42%        2d13      10%         3
 Lesser Beckoning         Tloc           42%        N/A       10%         3
 Mephitic Cloud           Conj/Pois/Air  21%        N/A       10%         3
 Ozocubu's Armour         Ice            21%        N/A       10%         3
 Portal Projectile        Hex/Tloc       42%        N/A       10%         3
 Swiftness                Air            21%        N/A       10%         3
 Teleport Other           Tloc           21%        N/A       10%         3
 Vhi's Electric Charge    Tloc/Air       42%        N/A       10%         3
 Airstrike                Air            10%        2d(2-18)  30%         4
 Dispel Undead            Necr           21%        3d11      30%         4
 Iskenderun's Mystic Bla  Conj/Tloc      21%        2d6       30%         4
 Leda's Liquefaction      Hex/Erth       10%        N/A       30%         4
 Manifold Assault         Tloc           21%        N/A       30%         4
 Olgreb's Toxic Radiance  Pois           21%        N/A       30%         4
 Passage of Golubria      Tloc           21%        N/A       30%         4
 Sticky Flame             Conj/Fire      21%        2d4       30%         4
 Summon Ice Beast         Ice/Summ       21%        N/A       30%         4
 Eringya's Noxious Bog    Tmut/Pois      29%        N/A       36%         6
 Arcjolt                  Conj/Air       10%        1d20      65%         5
 Borgnjor's Vile Clutch   Necr/Erth      10%        N/A       65%         5
 Freezing Cloud           Conj/Ice/Air   10%        6-21      65%         5
 Iskenderun's Battlesphe  Conj           21%        2d7       65%         5
 Silence                  Hex/Air        10%        N/A       65%         5
 Summon Forest            Summ/Tloc      10%        N/A       65%         5
 Summon Mana Viper        Hex/Summ       21%        N/A       65%         5
 Iron Shot                Conj/Erth      10%        9d3       99%         6
 Simulacrum               Ice/Necr       10%        N/A       99%         6
 Starburst                Conj/Fire      10%        6d5       99%         6
 Summon Cactus Giant      Summ           10%        N/A       99%         6
 Enfeeble                 Hex            10%        N/A       100%        7
 Ozocubu's Refrigeration  Ice            10%        4d9       100%        7
 Spellforged Servitor     Conj/Summ      10%        N/A       100%        7
 Ignition                 Fire           10%        3d5       100%        8
 Lehudib's Crystal Spear  Conj/Erth      10%        10d4      100%        8
 Maxwell's Capacitive Co  Air            10%        ∞         100%        8
 Fire Storm               Conj/Fire      10%        8d3       100%        9
 Polar Vortex             Ice            10%        N/A       100%        9
 Shatter                  Erth           10%        3d12*     100%        9


Dungeon Overview and Level Annotations

Branches:
Dungeon (15/15)            Temple (1/1) D:6            Lair (5/5) D:9
 Shoals (4/4) Lair:3       Spider (4/4) Lair:2        Slime (5/5) Lair:5
    Orc (2/2) D:12            Elf (3/3) Orc:2        Vaults (5/5) D:14
  Crypt (3/3) Vaults:3       Tomb (0/3) Crypt:3      Depths (4/4) D:15
   Hell (visited)             Dis (0/7) Hell            Geh (7/7) Hell
    Coc (2/7) Hell            Tar (0/7) Hell            Zot (0/5) Depths:4
  Sewer (visited)

Altars:
Ashenzari
Cheibriados
Dithmenos
Fedhas
Gozag
Hepliaklqana
Kikubaaqudgha
Makhleb
Nemelex Xobeh
Okawaru
Qazlal
Ru
Sif Muna
Trog
Uskayaw
Vehumet
Wu Jian
Xom
Yredelemnul
Jiyva
Lugonu

Shops:
D:3 (   D:4 *   Orc:2 *([[!   Elf:1 !(   Elf:3 *   Shoals:2 !   Vaults:3 =!
Vaults:4 [   Depths:2 ?

Portals:
Hell: Depths:1 Depths:2 Depths:4
Abyss: D:9 Elf:3 Depths:1 Depths:2 Depths:3
Pandemonium: Depths:2

Annotations:
D:14 2 transporters
Spider:3 2 transporters, Tungsten's ghost, adept MfGl
Depths:1 exclusion: 2 doors
Geh:7 Asmodeus


Innate Abilities, Weirdness & Mutations

You have hooves in place of feet.
You are surrounded by a strong repulsion field. (EV +4, RMsl)
Your demonic aura causes all spilled blood to erupt in flames.
You regenerate a lot of health from kills.
Your magical and physical power is greatly enhanced at high health.
You have an increased reservoir of magic. (+10% MP)
Your system is resistant to poisons. (rPois)
You are weak. (Str -2)


Message History

You feel better.
The iron giant gestures at you while chanting.
The iron shot misses you.
You feel better.
The crystal echidna throws crystal bolt at you.
The crystal bolt freezes you. You resist.
* * * LOW HITPOINT WARNING * * *
Okay, then.
Okay, then.
Okay, then.
Press: ? - help, v - describe, . - travel The floor.
You feel better.
The war gargoyle hits you with a +2 vorpal dire flail!!
* * * LOW HITPOINT WARNING * * *
x2 Unknown command.
Unknown command.
Blink to where?
Press: ? - help, Dir - move target
As you read the scroll of blinking, it crumbles to dust.
The iron giant throws the war gargoyle at you!
Okay, then.
The war gargoyle completely misses you.
The crystal echidna throws volley of spikes at you.
The volley of spikes misses you. You block the war gargoyle's attack.
The war gargoyle launches metal splinters at you.
The spray of metal splinters misses you.
You see here the +3 greatsling "Punk" {acid, rCorr}.
Unknown command.
There is a gate leading back out of this place here.
You see here a +0 shortbow.
Unknown command.
Unknown command.
Are you sure you want to leave this ziggurat?
The war gargoyle hits you with a +2 vorpal dire flail!!
* * * LOW HITPOINT WARNING * * *
x2 The war gargoyle launches metal splinters at you.
The spray of metal splinters hits you!
You die...

▓▓▓▓▓▓▓▓▓▓▓
▓▓▓.........▓▓▓
▓.............▓
▓.............▓
▓......)....="▓
▓.......C...:∩▓
▓∩.........r$§▓
▓.........9.9@▓
▓............[▓
▓.............▓
▓.............▓
▓▓▓.........▓▓▓
▓▓▓▓▓▓▓▓▓▓▓


You could see an iron golem, an iron giant, a crystal echidna and a war gargoyle
(catching breath).

Vanquished Creatures
  Cerebov (Pan)
  Dissolution (Slime:4)
  the Royal Jelly (Slime:5)
  A pandemonium lord (Pan)
  4 dread liches
  5 ancient liches
  Mara (Spider:2)
  Sojobo (Depths:3)
  Vv (Depths:2)
  Boris (Vaults:4)
  Bai Suzhen (Shoals:3)
  Saint Roka (Orc:1)
  Margery (Vaults:5)
  Xtahua (Crypt:2)
  Geryon (Hell)
  Jory (Vaults:4)
  5 golden dragons
  2 profane servitors
  Arachne (Spider:2)
  2 Tzitzimimeh (Crypt:3)
  11 bone dragons
  2 doom hounds (Crypt:3)
  13 Brimstone Fiends
  26 hellephants
  Jorgrun (D:13)
  2 Ice Fiends (Pan)
  7 tentacled monstrosities
  Zenata (Vaults:2)
  21 searing wretches
  The ghost of Datograv the Stickfighter, an adept NaAE of Ru (Crypt:2)
  A quicksilver dragon (Vaults:5)
  Grunn (Crypt:3)
  4 Hell Sentinels
  4 liches
  13 titans
  A walking earthen tome (Depths:4)
  Murray (Depths:4)
  10 deep elf blademasters
  4 deep elf master archers
  24 acid blobs
  A kraken (Abyss:1)
  4 ancient champions
  Agnes (D:15)
  34 tentacled starspawn
  Polyphemus (Shoals:2)
  7 sphinxes
  7 shadow dragons
  A storm dragon (shapeshifter) (Depths:2)
  5 storm dragons
  Kirke (D:15)
  7 tengu reavers
  15 azure jellies
  A revenant (Abyss:1)
  2 demonspawn warmongers (Pan)
  A daeva (Pan)
  25 fire giants
  11 rockslimes
  19 frost giants
  Aizul (Crypt:1)
  3 iron dragons
  4 emperor scorpions
  A draconian knight (Abyss:2)
  4 deep elf sorcerers
  A draconian scorcher (Depths:4)
  5 cacodemons
  4 spectral caustic shrikes (Depths:2)
  4 deep elf elementalists
  17 vault wardens
  An orc warlord (Vaults:4)
  2 curse skulls
  40 balrugs
  8 ghost moths
  A draconian shifter (Depths:4)
  2 caustic shrike zombies
  A ghoul (Vaults:3)
  An angel (Abyss:4)
  11 reapers
  9 war gargoyles
  10 quicksilver oozes
  30 very ugly things
  A spriggan defender (Depths:3)
  A demonspawn corrupter (Pan)
  21 stone giants
  14 ironbound preservers
  2 ophanim
  4 lorocyprocas
  2 green draconians
  A demonspawn black sun (Pan)
  An elemental wellspring (Coc:2)
  6 ironbound thunderhulks
  A wendigo (Coc:1)
  9 deep elf annihilators
  A bunyip (Abyss:1)
  4 starflowers (Abyss:4)
  10 vampire knights
  3 black draconians
  4 red draconians
  6 white draconians
  4 deep elf demonologists
  A putrid mouth (Crypt:3)
  Azrael (Elf:2)
  15 dire elephants
  3 purple draconians (Abyss:2)
  4 green deaths
  4 spark wasps
  2 pearl dragon zombies (Crypt:1)
  Snorg (D:13)
  7 eidola
  A crystal guardian (Vaults:4)
  3 merfolk javelineers
  9 deep elf death magi
  10 ettins
  4 blizzard demons
  11 yaktaur captains
  3 fire dragons
  A quicksilver dragon zombie (Crypt:3)
  7 entropy weavers
  Josephine (D:15)
  17 great orbs of eyes
  6 jiangshi
  8 ice dragons
  7 merfolk impalers
  12 deep elf high priests
  11 rakshasas
  5 salamander tyrants
  2 hell beasts (Hell)
  A radroach (Spider:2)
  2 juggernaut simulacra
  2 caustic shrike simulacra
  7 ogre magi
  3 peacekeepers
  3 merfolk aquamancers
  2 death knights
  37 vault guards
  6 stokers
  4 jorogumos
  An anaconda (shapeshifter) (Depths:3)
  10 ironbound frosthearts
  6 centaur warriors
  2 hydras
  7 two-headed ogres
  A spriggan air mage (Depths:3)
  9 boulder beetles
  A merfolk avatar (Shoals:4)
  A fenstrider witch skeleton (Crypt:3)
  The ghost of Rayvis the Cleaver, a novice MiFi (D:9)
  2 catoblepae
  10 death yaks
  29 dancing weapons
  9 deep troll shamans
  6 death scarabs (Spider:4)
  A spriggan skeleton (Crypt:3)
  The ghost of Tenar the Fighter, a novice BaEE of Gozag (D:8)
  8 tengu warriors
  12 satyrs (Shoals:4)
  51 hell hogs
  32 thrashing horrors
  9 deep troll earth magi
  2 naga warriors (Abyss:4)
  A titan zombie (Crypt:3)
  An orc high priest (Orc:1)
  Urug (D:13)
  4 spriggan berserkers
  A shock serpent (shapeshifter) (Abyss:2)
  Sonja (Lair:3)
  6 vampire magi
  27 hell knights
  15 soul eaters
  Amaemon (Lair:1)
  51 sun demons
  Lodul (D:13)
  37 skeletal warriors
  27 deep elf knights
  4 iron trolls
  4 shadow wraiths
  2 golden dragon zombies (Depths:2)
  5 spatial maelstroms
  31 wretched stars
  The ghost of soark the Cleaver, a novice HOBe of Trog (D:6)
  A bunyip zombie (Crypt:3)
  7 pharaoh ants
  9 sea snakes
  7 sixfirhies
  7 glowing orange brains
  A titan skeleton (Abyss:4)
  A goliath frog (Lair:5)
  A quicksilver dragon simulacrum (Depths:2)
  A sun moth (Spider:2)
  A spriggan simulacrum (Coc:1)
  4 shadow demons
  4 steelbarb worms
  53 deep trolls
  An orange crystal statue (Zig:2)
  An obsidian statue (Zig:2)
  98 large abominations
  A bunyip skeleton (Crypt:3)
  A spark wasp zombie (Depths:2)
  11 orb spiders
  3 flayed ghosts
  A spectral jorogumo (Spider:4)
  8 phantasmal warriors
  A spectral wolf spider (Spider:4)
  3 orc knights
  31 deep elf archers
  An iron giant skeleton (Crypt:3)
  9 lindwurms
  16 necromancers
  9 wizards
  A harpy (shapeshifter) (D:13)
  18 harpies
  24 ironbound convokers
  26 deep elf pyromancers
  A mana viper (Abyss:1)
  32 ugly things
  A stone giant zombie (Crypt:1)
  27 deep elf zephyrmancers
  A human zombie (Crypt:3)
  An iron dragon zombie (Depths:3)
  2 wolf spider zombies (Spider:4)
  8 fauns
  7 oklob plants (Abyss:4)
  A tengu skeleton (Depths:2)
  2 frost giant zombies
  5 shining eyes
  22 wolf spiders
  5 will-o-the-wisps
  3 broodmother zombies (Spider:4)
  2 salamanders (Abyss:4)
  17 cyclopes
  An iron dragon skeleton (Crypt:3)
  19 manticores
  5 orc sorcerers
  11 worldbinders
  A fire giant zombie (Depths:2)
  A black mamba (shapeshifter) (Abyss:1)
  6 centaur zombies
  8 merfolk sirens
  4 rust devils
  4 black mambas
  A human skeleton (Vaults:5)
  3 moths of wrath (Spider:4)
  Joseph (D:8)
  4 apis skeletons (Crypt:1)
  4 guardian serpents
  6 apocalypse crabs
  3 molten gargoyles (Hell)
  A dire elephant zombie (Crypt:3)
  A toenail golem (D:9)
  A guardian serpent (shapeshifter) (Abyss:4)
  A naga mage (Abyss:2)
  37 smoke demons
  2 water nymphs
  A frost giant skeleton (Depths:3)
  A stone giant skeleton (Depths:2)
  4 torpor snails (Spider:3)
  16 vault sentinels
  2 ice statues (Zig:2)
  13 cane toads
  2 eyes of devastation
  14 orange demons
  7 gargoyles
  A torpor snail (shapeshifter) (Vaults:5)
  A spectral unseen horror (D:6)
  9 unseen horrors
  A yellow draconian zombie (Crypt:1)
  A dire elephant skeleton (Crypt:3)
  A sea snake zombie (Hell)
  7 kobold demonologists
  2 spectral redbacks (Spider:4)
  An unseen horror skeleton (D:6)
  An unseen horror zombie (D:6)
  An alligator snapping turtle skeleton (Crypt:1)
  A guardian mummy (Zig:1)
  13 hellions
  2 bunyip simulacra
  7 rime drakes
  20 yaktaurs
  A redback zombie (Spider:4)
  15 tormentors
  14 efreet
  6 komodo dragons
  6 freezing wraiths
  12 hellwings
  12 demonic crawlers
  2 ice devils
  5 tengu conjurers
  3 anaconda simulacra
  7 red devils
  21 ancient zymes
  A hydra zombie (Hell)
  27 merfolk
  A polar bear (shapeshifter) (Abyss:4)
  A yaktaur skeleton (Vaults:5)
  2 harpy zombies
  A yellow draconian skeleton (Crypt:2)
  A sea snake skeleton (Hell)
  A red draconian skeleton (Crypt:2)
  10 trolls
  4 tyrant leeches
  3 polar bears
  Prince Ribbit (Lair:1)
  A tyrant leech (shapeshifter) (Elf:2)
  2 shadow dragon simulacra (Coc:1)
  4 spectral jumping spiders (Spider:4)
  3 wind drakes (Shoals:1)
  A raiju (shapeshifter) (Vaults:5)
  2 alligator zombies (Hell)
  44 blink frogs
  2 harpy skeletons
  A tarantella zombie (Spider:4)
  A hornet (shapeshifter) (D:15)
  49 raiju
  2 culicivora zombies (Spider:4)
  2 hornets
  An ettin zombie (Depths:2)
  3 spectral tarantellas (Spider:4)
  7 dream sheep
  6 snapping turtles
  26 tarantellas
  65 slime creatures
  A meliai zombie (D:10)
  A stone giant simulacrum (Coc:1)
  An alligator skeleton (Crypt:2)
  2 jumping spider zombies (Spider:4)
  3 flying skulls
  A centaur simulacrum (D:15)
  27 culicivoras
  7 air elementals
  38 jumping spiders
  A jumping spider (shapeshifter) (Vaults:1)
  13 shadows
  22 water elementals
  The ghost of lorenzova the Magician, an amateur DECj (D:5)
  A black mamba zombie (Abyss:1)
  A dire elephant simulacrum (Coc:1)
  An ettin skeleton (Vaults:5)
  A culicivora (shapeshifter) (D:14)
  A vampire (D:11)
  A fire bat (shapeshifter) (Vaults:5)
  An ushabti (Zig:1)
  2 hogs (D:15)
  A basilisk (shapeshifter) (Abyss:2)
  119 starcursed masses
  41 yaks
  43 ynoxinuls
  5 fire bats
  8 golden eyes
  14 wraiths
  An alligator snapping turtle simulacrum (Coc:1)
  25 neqoxecs
  2 wyverns
  7 fire elementals
  4 basilisks
  4 humans (D:15)
  17 chaos spawn
  41 redbacks
  4 steam dragons (Lair:2)
  12 vampire mosquitoes
  A swamp worm (shapeshifter) (Vaults:5)
  A glowing shapeshifter zombie (Vaults:5)
  3 wargs (Orc:1)
  A harpy simulacrum (Abyss:1)
  6 spatial vortices
  A naga zombie (Crypt:3)
  5 acid dragons
  A glowing shapeshifter skeleton (Depths:3)
  A hydra simulacrum (Hell)
  66 small abominations
  4 nagas
  A floating eye (shapeshifter) (Abyss:1)
  14 water moccasins
  10 hell hounds
  5 naga skeletons
  A black bear (D:5)
  4 sky beasts
  31 orc warriors
  3 ice beasts
  A snapping turtle zombie (Crypt:2)
  17 ogres
  A black mamba simulacrum (Coc:1)
  5 boggarts
  6 wolves (Lair:3)
  9 centaurs
  A lindwurm skeleton (Crypt:2)
  An elf simulacrum (Vaults:5)
  A phantom (D:4)
  7 kobold brigands
  A salamander zombie (Crypt:1)
  12 bullfrogs
  3 gnoll sergeants
  A necrophage (D:4)
  An earth elemental (Abyss:1)
  A scorpion (D:7)
  15 wights
  5 troll zombies (D:12)
  3 spriggan zombies
  A wyvern skeleton (Crypt:2)
  8 killer bees
  An electric eel (Spider:1)
  9 howler monkeys
  10 quasits
  5 hounds
  A jelly (D:7)
  A bullfrog skeleton (Crypt:2)
  24 orc priests
  2 black bear skeletons
  A centaur skeleton (Crypt:1)
  10 iron imps
  3 iguanas
  28 orc wizards
  14 hell rats
  3 ogre zombies (D:12)
  A deep dwarf skeleton (Crypt:1)
  2 spectral howler monkeys (D:6)
  2 mummies
  Robin (D:3)
  13 gnolls
  10 adders
  A river rat (Sewer)
  A steam dragon skeleton (Crypt:1)
  A shadow imp (D:5)
  9 white imps
  7 ufetubi
  5 worms
  3 dart slugs
  81 orcs
  5 ball pythons
  3 bats
  11 endoplasms
  4 giant cockroaches
  13 goblins
  8 hobgoblins
  46 kobolds
  5 quokkas
  A goblin skeleton (D:12)
  6 goblin zombies (D:12)
  A hobgoblin skeleton (D:12)
  2 orc skeletons (D:12)
  15 orc zombies (D:12)
  9 rats
  A rat skeleton (Crypt:2)
  2 creeping infernos
  24 fire vortices
  2 lurking horrors
  23 starspawn tentacles
  4 tentacles (Abyss:1)
3533 creatures vanquished.

Vanquished Creatures (collateral kills)
  A Brimstone Fiend (Geh:7)
1 creature vanquished.

Vanquished Creatures (others)
  A shadow wraith (Hell)
  2 ironbound convokers (Vaults:1)
  A deep elf zephyrmancer (Elf:1)
  A wolf spider (Spider:3)
  A large abomination (Abyss:2)
  An ancient zyme (Abyss:4)
  A raiju (Abyss:4)
  An alligator snapping turtle simulacrum (Coc:1)
  A chaos spawn (Abyss:1)
  A hell hound (Elf:2)
  A boggart (Vaults:1)
  A small abomination (Abyss:2)
  A crimson imp (Abyss:4)
  An orc priest (Orc:2)
  2 hell rats (Hell)
  An orc (Orc:2)
  4 creeping infernos
  4 demonic plants (Abyss:4)
  6 fire vortices
  6 foxfires (Abyss:2)
  21 fungi
  7 lurking horrors
  115 plants
  47 starspawn tentacles
  4 tentacles (Abyss:1)
  35 withered plants
267 creatures vanquished.

Grand Total: 3801 creatures vanquished

Notes
Turn   | Place    | Note
-------+----------+-------------------------------------------
     0 | D:1      | BLiZZARD the Demonspawn Fighter began the quest for the
                  | Orb.
     0 | D:1      | Reached XP level 1. HP: 18/18 MP: 1/1
    84 | D:1      | Gained mutation: You regenerate a little health from kills.
                  | [demonic ancestry]
    84 | D:1      | Reached XP level 2. HP: 24/24 MP: 2/2
   385 | D:1      | Reached XP level 3. HP: 27/29 MP: 3/3
  1421 | D:3      | Gained mutation: Your demonic aura sometimes causes spilled
                  | blood to erupt in flames. [demonic ancestry]
  1421 | D:3      | Reached XP level 4. HP: 35/35 MP: 4/4
  1450 | D:3      | Found Uliel's Antique Weapon Shoppe.
  1497 | D:3      | Noticed Robin
  1504 | D:3      | Killed Robin
  1921 | D:3      | Found a snail-covered altar of Cheibriados.
  2279 | D:4      | Found Zonom's Mayhem Merchandise.
  2299 | D:4      | Bought a +0 broad axe for 48 gold pieces
  2356 | D:4      | Reached skill level 5 in Shields
  2356 | D:4      | Gained mutation: You are surrounded by a mild repulsion
                  | field. (EV +2) [demonic ancestry]
  2356 | D:4      | Reached XP level 5. HP: 41/41 MP: 5/5
  2463 | D:4      | Noticed a phantom
  2882 | D:4      | Found a sacrificial altar of Ru.
  2972 | D:4      | Killed a phantom
  2973 | D:4      | Reached skill level 1 in Maces & Flails
  2973 | D:4      | Gained mutation: You have large cloven feet. [demonic
                  | ancestry]
  2973 | D:4      | Reached XP level 6. HP: 26/47 MP: 6/6
  3312 | D:5      | Entered Level 5 of the Dungeon
  3312 | D:5      | You fall into a shaft and drop 2 floors!
  3413 | D:7      | Reached skill level 1 in Dodging
  3432 | D:7      | Noticed an acid dragon
  3477 | D:7      | Gained mutation: You regenerate health from kills. [demonic
                  | ancestry]
  3477 | D:7      | Reached XP level 7. HP: 49/53 MP: 7/7
  3706 | D:6      | Found a staircase to the Ecumenical Temple.
  3801 | D:5      | Found a glowing drain.
  3805 | Sewer    | Entered a sewer
  4312 | D:5      | Noticed lorenzova's ghost (amateur DECj)
  4322 | D:5      | Found a transporter.
  4343 | D:5      | Found a transporter.
  4618 | D:6      | Gained mutation: You have hoof-like feet. [demonic
                  | ancestry]
  4618 | D:6      | Reached XP level 8. HP: 58/60 MP: 8/8
  4714 | Temple   | Entered the Ecumenical Temple
  4777 | Temple   | Became a worshipper of Warmaster Okawaru
  5103 | D:6      | Found a runed translucent gate.
  5103 | D:6      | Found a runed translucent gate.
  5103 | D:6      | Found a runed translucent gate.
  5106 | D:6      | Noticed a spectral unseen horror
  5109 | D:6      | Noticed soark's ghost (novice HOBe)
  5579 | D:7      | Reached * piety under Okawaru
  6177 | D:8      | Reached skill level 5 in Fighting
  6186 | D:8      | Found a large runed translucent door.
  6186 | D:8      | Found a large runed translucent door.
  6186 | D:8      | Noticed Tenar's ghost (novice BaEE)
  6229 | D:8      | Reached XP level 9. HP: 47/68 MP: 9/9
  6344 | D:8      | Noticed Joseph
  6364 | D:8      | Killed Joseph
  6365 | D:8      | Reached skill level 5 in Maces & Flails
  6605 | D:8      | Reached ** piety under Okawaru
  6606 | D:8      | Reached skill level 5 in Armour
  7109 | D:8      | Gained mutation: You are surrounded by a moderate repulsion
                  | field. (EV +3) [demonic ancestry]
  7109 | D:8      | Reached XP level 10. HP: 68/76 MP: 10/10
  7116 | D:8      | Reached *** piety under Okawaru
  7658 | D:9      | Noticed a large abomination
  7666 | D:9      | Found a staircase to the Lair.
  7811 | D:9      | Found a transporter.
  7815 | D:9      | Noticed a thrashing horror
  7815 | D:9      | Noticed Rayvis's ghost (novice MiFi)
  7822 | D:9      | Found a one-way gate to the infinite horrors of the Abyss.
  7822 | D:9      | Noticed a rakshasa
  7826 | D:9      | Noticed a toenail golem
  7895 | D:9      | Found a transporter.
  7982 | D:9      | Noticed a soul eater
  7984 | D:9      | Noticed a sun demon
  7987 | D:9      | Noticed a sixfirhy
  7992 | D:9      | Noticed a smoke demon
  7999 | D:9      | Noticed a rust devil
  8001 | D:9      | HP: 1/73 [soul eater[a kobold demonologist] (7)]
  8538 | D:5      | Received a gift from Okawaru
  8548 | D:5      | Killed lorenzova's ghost
  8911 | D:6      | Killed soark's ghost
  8911 | D:6      | Reached **** piety under Okawaru
  8912 | D:6      | Reached skill level 5 in Dodging
  9083 | Lair:1   | Entered Level 1 of the Lair of Beasts
  9188 | Lair:1   | Gained mutation: You are surrounded by a strong repulsion
                  | field. (EV +4, RMsl) [demonic ancestry]
  9188 | Lair:1   | Reached XP level 11. HP: 65/83 MP: 11/11
  9212 | Lair:1   | Noticed Prince Ribbit
  9220 | Lair:1   | Reached ***** piety under Okawaru
  9239 | Lair:1   | Killed Prince Ribbit
  9245 | Lair:1   | Reached skill level 10 in Shields
  9511 | Lair:1   | Received a gift from Okawaru
  9863 | Lair:1   | Noticed Amaemon
  9912 | D:10     | Entered Level 10 of the Dungeon
  9970 | D:10     | Noticed a two-headed ogre
 10798 | Lair:2   | Identified the +1 leather armour of Lezuiheatz {-Tele
                  | Str+5}
 10818 | Lair:2   | Found a hole to the Spider Nest.
 10841 | Lair:2   | Reached XP level 12. HP: 89/92 MP: 12/12
 11067 | Lair:2   | Received a gift from Okawaru
 11810 | Lair:3   | Paralysed by a hornet for 3 turns
 11877 | Lair:3   | Noticed Sonja
 11901 | Lair:3   | Killed Sonja
 12058 | Lair:3   | Identified the +4 glaive "Xewur" {speed, rPois MP+9 SInv}
 12117 | Lair:3   | Found a staircase to the Shoals.
 12243 | Lair:3   | Reached skill level 10 in Maces & Flails
 12994 | Lair:4   | Identified a scroll of acquirement
 12997 | Lair:4   | Identified the +10 flail "Bazit" {spect, +Blink}
 13012 | Lair:4   | Acquired the ring "Cozxior" {Drain rF++ Will+ Str+4 Int+3}
 13208 | Lair:5   | Entered Level 5 of the Lair of Beasts
 13309 | Lair:5   | Noticed a boulder beetle
 13317 | Lair:5   | Noticed a seven-headed hydra
 13325 | Lair:5   | Noticed a death yak
 13325 | Lair:5   | Noticed a death yak
 13326 | Lair:5   | Noticed a death yak
 13326 | Lair:5   | Noticed a death yak
 13326 | Lair:5   | Noticed a death yak
 13331 | Lair:4   | Reached ****** piety under Okawaru
 13440 | Lair:5   | Gained mutation: You have hooves in place of feet. [demonic
                  | ancestry]
 13440 | Lair:5   | Reached XP level 13. HP: 100/100 MP: 13/13
 13540 | Lair:5   | Received a gift from Okawaru
 13909 | Lair:5   | Identified the +3 war axe "Bavuluew" {vorpal, +Blink}
 13912 | Lair:5   | Found a staircase to the Slime Pits.
 13913 | Lair:5   | Found a viscous altar of Jiyva.
 14355 | Lair:4   | Received a gift from Okawaru
 14632 | Lair:1   | Identified the +3 leather armour of Limited Liability
                  | {Regen+ Dex+7}
 15101 | Lair:1   | Killed Amaemon
 16351 | D:11     | Identified the +5 buckler of Nice the Leaf {-Cast Contam
                  | Slay+4 SInv} (Okawaru gifted it to you on level 11 of the
                  | Dungeon)
 16351 | D:11     | Received a gift from Okawaru
 16569 | D:11     | Found a snail-covered altar of Cheibriados.
 16791 | D:12     | Reached XP level 14. HP: 109/109 MP: 14/14
 16841 | D:12     | Found a staircase to the Orcish Mines.
 17356 | Orc:1    | Entered Level 1 of the Orcish Mines
 17479 | Orc:2    | Entered Level 2 of the Orcish Mines
 17520 | Orc:2    | Reached skill level 10 in Fighting
 17658 | Orc:2    | Noticed Saint Roka
 17789 | Orc:1    | Received a gift from Okawaru
 18210 | Orc:2    | Found a staircase to the Elven Halls.
 18355 | Orc:2    | Found Dicoil Wuts's Antique Armour Shoppe.
 18363 | Orc:2    | Found Goughiex's Antique Weapon Emporium.
 18439 | Orc:2    | Found Virgh's General Store.
 18446 | Orc:2    | Bought a potion of heal wounds for 65 gold pieces
 18446 | Orc:2    | Bought a potion of magic for 104 gold pieces
 18493 | Orc:2    | Found Ugiunubb's Armour Boutique.
 18580 | Orc:2    | Found Onatus's Distillery.
 18588 | Orc:2    | Bought a potion of ambrosia for 120 gold pieces
 18588 | Orc:2    | Bought a potion of curing for 45 gold pieces
 18588 | Orc:2    | Bought a potion of mutation for 120 gold pieces
 18588 | Orc:2    | Bought a potion of curing for 45 gold pieces
 18588 | Orc:2    | Bought a potion of might for 60 gold pieces
 18588 | Orc:2    | Bought a potion of haste for 150 gold pieces
 18588 | Orc:2    | Bought a potion of cancellation for 120 gold pieces
 18588 | Orc:2    | Bought a potion of flight for 45 gold pieces
 18670 | Orc:2    | Bought a pair of glowing gloves for 255 gold pieces
 19279 | Orc:1    | Killed Saint Roka
 19629 | Lair:5   | Received a gift from Okawaru
 20334 | D:13     | Noticed Urug
 20338 | D:13     | Killed Urug
 20495 | D:13     | Noticed Snorg
 20500 | D:13     | Killed Snorg
 20614 | D:13     | Noticed Lodul
 20617 | D:13     | Killed Lodul
 20761 | D:13     | Noticed Jorgrun
 20772 | D:13     | Killed Jorgrun
 20772 | D:13     | Identified the +2 scale mail of the Sailor {Rampage Str+5
                  | Dex-2} (Okawaru gifted it to you on level 13 of the
                  | Dungeon)
 20772 | D:13     | Received a gift from Okawaru
 21260 | D:14     | Reached XP level 15. HP: 114/117 MP: 12/15
 21734 | D:14     | Reached skill level 10 in Armour
 22000 | D:14     | Found a transporter.
 22124 | D:14     | Found a gate to the Vaults.
 22214 | D:14     | Found a transporter.
 22373 | D:15     | Entered Level 15 of the Dungeon
 22417 | D:15     | Noticed Kirke
 22425 | D:15     | Killed Kirke
 23028 | D:15     | Noticed Josephine
 23036 | D:15     | Killed Josephine
 23188 | D:15     | Noticed Agnes
 23194 | D:15     | Killed Agnes
 23194 | D:15     | Identified the +2 kite shield of Howling Wind {rN+}
                  | (Okawaru gifted it to you on level 15 of the Dungeon)
 23194 | D:15     | Received a gift from Okawaru
 23416 | D:15     | Found a staircase to the Depths.
 24128 | Shoals:1 | Entered Level 1 of the Shoals
 24143 | Shoals:1 | Reached skill level 10 in Dodging
 24439 | Shoals:1 | Reached skill level 15 in Shields
 25092 | Spider:1 | Entered Level 1 of the Spider Nest
 25327 | Spider:1 | Received a gift from Okawaru
 25341 | Spider:1 | Reached XP level 16. HP: 126/126 MP: 16/16
 25369 | Spider:1 | Identified the +1 ring mail of the Eternal Fruit {rPois rN+
                  | Stlth+} (Okawaru gifted it to you on level 1 of the Spider
                  | Nest)
 25369 | Spider:1 | Received a gift from Okawaru
 27330 | Spider:2 | Identified the +1 pair of gloves "Noweru" {rCorr} (Okawaru
                  | gifted it to you on level 2 of the Spider Nest)
 27330 | Spider:2 | Received a gift from Okawaru
 27495 | Spider:2 | Noticed Arachne
 27503 | Spider:2 | Killed Arachne
 27731 | Spider:3 | Reached skill level 15 in Maces & Flails
 27744 | Spider:3 | Noticed Mara
 27756 | Spider:3 | Noticed BLiZZARD's illusion
 27817 | Spider:3 | Reached skill level 1 in Invocations
 28050 | Spider:3 | Identified the ring of the Four Ears {rPois rF+ Stlth+}
 28095 | Spider:3 | Noticed BLiZZARD's illusion
 28147 | Spider:2 | Noticed BLiZZARD's illusion
 28156 | Spider:2 | Killed Mara
 28249 | Spider:3 | Found a transporter.
 28249 | Spider:3 | Found a transporter.
 28249 | Spider:3 | Noticed Tungsten's ghost (adept MfGl)
 28501 | Spider:3 | Received a gift from Okawaru
 28502 | Spider:3 | Gained mutation: Your demonic aura often causes spilled
                  | blood to erupt in flames. [demonic ancestry]
 28502 | Spider:3 | Reached XP level 17. HP: 126/134 MP: 0/19
 29326 | Spider:4 | Entered Level 4 of the Spider Nest
 29420 | Spider:4 | Identified the +4 short sword of Sifocw {vorpal, rPois rF-
                  | Dex+8}
 29793 | Spider:4 | Got the Tractate on Singed Clay
 30370 | Spider:4 | Reached skill level 5 in Invocations
 31029 | Spider:4 | Received a gift from Okawaru
 31252 | Spider:4 | Got a gossamer rune of Zot
 31452 | Shoals:2 | Found Giode's Distillery.
 31475 | Shoals:2 | Bought a potion of magic for 144 gold pieces
 31475 | Shoals:2 | Bought a potion of brilliance for 72 gold pieces
 31475 | Shoals:2 | Bought a potion of mutation for 144 gold pieces
 31475 | Shoals:2 | Bought a potion of curing for 54 gold pieces
 31475 | Shoals:2 | Bought a potion of mutation for 144 gold pieces
 31475 | Shoals:2 | Bought a potion of heal wounds for 90 gold pieces
 31714 | Shoals:2 | Noticed Polyphemus
 31732 | Shoals:2 | Killed Polyphemus
 32539 | Shoals:3 | Noticed Bai Suzhen
 32636 | Shoals:3 | Killed Bai Suzhen
 32721 | Shoals:3 | Received a gift from Okawaru
 32740 | Shoals:3 | Found an opulent altar of Gozag.
 32932 | Shoals:4 | Entered Level 4 of the Shoals
 33073 | Shoals:4 | Reached XP level 18. HP: 141/143 MP: 21/23
 33528 | Shoals:4 | Identified the +5 scale mail of Fodd {+Inv Str+8}
 33626 | Shoals:4 | Identified the +1 robe of Roshyram {Archmagi}
 33630 | Shoals:4 | Got a barnacled rune of Zot
 33700 | Shoals:4 | Identified the +3 hand axe "Unar" {vorpal, Int+3} (Okawaru
                  | gifted it to you on level 4 of the Shoals)
 33700 | Shoals:4 | Received a gift from Okawaru
 34096 | Vaults:1 | Entered Level 1 of the Vaults
 34745 | Vaults:1 | Noticed a tentacled monstrosity
 34777 | Vaults:1 | Killed a tentacled monstrosity
 34777 | Vaults:1 | Identified the +1 cloak of the Cobbler {Will+ Int+9}
                  | (Okawaru gifted it to you on level 1 of the Vaults)
 34777 | Vaults:1 | Received a gift from Okawaru
 35360 | Vaults:1 | Reached skill level 10 in Invocations
 35836 | Vaults:1 | Reached XP level 19. HP: 150/150 MP: 26/26
 36994 | Vaults:2 | Found a portal to a secret trove of treasure.
 37391 | Vaults:2 | Noticed Zenata
 37401 | Vaults:2 | Killed Zenata
 37401 | Vaults:2 | Received a gift from Okawaru
 37570 | Vaults:3 | Found Tysem's Jewellery Emporium.
 37580 | Vaults:3 | Found Tapar's Distillery.
 37726 | Vaults:3 | Found a flickering gateway to a bazaar.
 37732 | Bazaar   | Entered a bazaar
 37753 | Bazaar   | Found Texil's Assorted Antiques.
 37821 | Bazaar   | Found Hazezy's Book Shoppe.
 37821 | Bazaar   | Found Dasag's Jewellery Emporium.
 37843 | Bazaar   | Found Hasesyn's Antique Weapon Shoppe.
 37898 | Bazaar   | Bought an amulet of regeneration for 270 gold pieces
 37922 | Bazaar   | Bought a potion of curing for 84 gold pieces
 37922 | Bazaar   | Bought a scroll of acquirement for 1456 gold pieces
 37922 | Bazaar   | Bought a potion of resistance for 280 gold pieces
 37922 | Bazaar   | Bought a scroll of teleportation for 84 gold pieces
 37922 | Bazaar   | Bought a scroll of poison for 112 gold pieces
 37922 | Bazaar   | Acquired 791 gold pieces
 38242 | Vaults:3 | Identified the +1 flail "Mafraj" {protect, Fragile Will-
                  | Str+2 Int+4} (Okawaru gifted it to you on level 3 of the
                  | Vaults)
 38242 | Vaults:3 | Received a gift from Okawaru
 38451 | Vaults:3 | Identified the +9 great sword of Cezig {freeze, rCorr Str+5
                  | Dex+3 Stlth-}
 38595 | Vaults:3 | Bought a potion of curing for 54 gold pieces
 38595 | Vaults:3 | Bought a potion of magic for 144 gold pieces
 38595 | Vaults:3 | Bought a potion of heal wounds for 90 gold pieces
 38595 | Vaults:3 | Bought a potion of curing for 54 gold pieces
 38605 | Vaults:3 | Bought the ring of Javacwef {+Blink rN+ rCorr Int-2 Slay+3}
                  | for 932 gold pieces
 38735 | Vaults:3 | Found a staircase to the Crypt.
 39070 | Vaults:4 | Identified the +1 cloak of Paan Xasia {Slay+3} (Okawaru
                  | gifted it to you on level 4 of the Vaults)
 39070 | Vaults:4 | Received a gift from Okawaru
 39294 | Vaults:4 | Got Izyiduafos's Grimoire of Blasts and the Mausoleum
 39499 | Vaults:4 | Reached XP level 20. HP: 120/160 MP: 24/27
 39777 | Vaults:4 | Noticed Jory
 39788 | Vaults:4 | Killed Jory
 39816 | Vaults:4 | Noticed Boris
 39826 | Vaults:4 | Killed Boris
 40028 | Vaults:4 | Identified the +3 helmet of Joox {Rampage rPois rC+ Dex+4}
                  | (Okawaru gifted it to you on level 4 of the Vaults)
 40028 | Vaults:4 | Received a gift from Okawaru
 40262 | Vaults:4 | Identified the +0 leather armour "Wiept" {rElec}
 40448 | Vaults:4 | Found Uzeicyck's Armour Emporium.
 40684 | Elf:1    | Entered Level 1 of the Elven Halls
 40933 | Elf:1    | Found Mysteg's Weapon Boutique.
 40933 | Elf:1    | Found Peoregh's Distillery.
 40981 | Elf:1    | Bought a potion of invisibility for 120 gold pieces
 40981 | Elf:1    | Bought a potion of curing for 45 gold pieces
 40981 | Elf:1    | Bought a potion of curing for 45 gold pieces
 40981 | Elf:1    | Bought a potion of resistance for 150 gold pieces
 40981 | Elf:1    | Bought a potion of haste for 150 gold pieces
 40981 | Elf:1    | Bought a potion of curing for 45 gold pieces
 40981 | Elf:1    | Bought 2 potions of resistance for 300 gold pieces
 41096 | Elf:1    | Found a shimmering blue altar of Sif Muna.
 41267 | Elf:1    | Identified the amulet of Demons {Acrobat Drain Dex+7}
 41271 | Elf:1    | Identified the +10 spear of a wizard's laboratory {chaos,
                  | Str+2 Dex+4}
 41750 | Elf:2    | Found a runed translucent gate.
 41750 | Elf:2    | Found a runed translucent gate.
 41750 | Elf:2    | Found a runed translucent gate.
 42216 | Elf:2    | Received a gift from Okawaru
 42226 | Elf:2    | Reached skill level 15 in Fighting
 42304 | Elf:2    | Noticed Azrael
 42325 | Elf:2    | Killed Azrael
 42540 | Elf:3    | Entered Level 3 of the Elven Halls
 42572 | Elf:3    | Found a corrupted altar of Lugonu.
 42572 | Elf:3    | Paralysed by an air elemental for 1 turns
 42964 | Elf:3    | Gained mutation: Your demonic aura causes all spilled blood
                  | to erupt in flames. [demonic ancestry]
 42964 | Elf:3    | Reached XP level 21. HP: 168/168 MP: 28/28
 43029 | Elf:3    | Paralysed by an air elemental for 1 turns
 43156 | Elf:3    | Found Vyxaemm's General Store.
 43178 | Elf:3    | Bought a scroll of enchant weapon for 90 gold pieces
 43954 | Elf:3    | Identified the +5 mace of Entrepreneurial Spirit {venom,
                  | Str+7 Int-5 Dex+4}
 43954 | Elf:3    | Identified the ring "Cyecu" {rF+ Str+6 Int+4}
 44062 | Elf:3    | Got Sif Muna's Essays on Numb Necromancy
 44934 | Depths:1 | Entered Level 1 of the Depths
 45195 | Depths:1 | Identified the +1 flail of Stickiness {drain, +Blink MP+9}
                  | (Okawaru gifted it to you on level 1 of the Depths)
 45195 | Depths:1 | Received a gift from Okawaru
 45625 | Depths:1 | Found a hide-covered altar of Uskayaw.
 46004 | Depths:1 | Found a gateway to Hell.
 46030 | Depths:2 | Noticed an ancient lich
 46030 | Depths:2 | Noticed a dread lich
 46030 | Depths:2 | Found a one-way gateway to a ziggurat.
 46175 | Vaults:2 | You paid a toll of 3 potions of resistance to enter a
                  | treasure trove
 46176 | Trove    | Entered a treasure trove
 46182 | Trove    | Identified the -1 pair of gloves of Stoicism {Str+2 Dex+7}
 46199 | Trove    | Identified the +0 scale mail of Avay {rPois}
 46200 | Trove    | Identified the +2 hat of Gluttony {rPois Str+4}
 46203 | Trove    | Identified the -1 pair of gloves of Ru's Anger {rF- Regen+
                  | Int+2}
 46206 | Trove    | Identified the +2 hat of Responsibility {*Slow Fly Int+3}
 46210 | Trove    | Found the +0 pair of fencer's gloves {Riposte Dex+3}
 46211 | Trove    | Identified the +1 robe of Patterns {Rampage Int+6}
 46215 | Trove    | Identified the +1 pair of gloves of Teqyny {rC++ Will++
                  | Str-3}
 46224 | Trove    | Identified the +2 pair of gloves of the Twenty Planets
                  | {rPois rC++ Str-3 Int+2}
 46503 | Crypt:1  | Entered Level 1 of the Crypt
 46684 | Crypt:1  | Noticed Aizul
 46694 | Crypt:1  | Killed Aizul
 46742 | Crypt:1  | Identified the +3 ring mail of the Nexus {Stlth+} (Okawaru
                  | gifted it to you on level 1 of the Crypt)
 46742 | Crypt:1  | Received a gift from Okawaru
 46980 | Crypt:1  | Noticed a profane servitor
 46982 | Crypt:1  | Found a basalt altar of Yredelemnul.
 46994 | Crypt:1  | Killed a profane servitor
 47251 | Crypt:1  | Gained mutation: You regenerate a lot of health from kills.
                  | [demonic ancestry]
 47251 | Crypt:1  | Reached XP level 22. HP: 177/177 MP: 29/29
 47709 | Crypt:2  | Noticed Xtahua
 47719 | Crypt:2  | Killed Xtahua
 47798 | Crypt:2  | Noticed Datograv's ghost (adept NaAE)
 47799 | Crypt:2  | Found a runed translucent door.
 47827 | Crypt:2  | Killed Datograv's ghost
 48213 | Crypt:3  | Entered Level 3 of the Crypt
 48215 | Crypt:3  | Noticed Grunn
 48230 | Crypt:3  | Killed Grunn
 48314 | Crypt:3  | Received a gift from Okawaru
 48735 | Crypt:3  | Identified the +1 war axe of Zaugh {freeze, Str+3 Int+2}
 49126 | Crypt:3  | Reached skill level 15 in Armour
 49189 | Crypt:3  | Noticed an ancient lich
 49200 | Crypt:3  | Killed an ancient lich
 49314 | Crypt:3  | Found an ancient bone altar of Kikubaaqudgha.
 49316 | Crypt:3  | Noticed an ancient lich
 49327 | Crypt:3  | Killed an ancient lich
 49349 | Crypt:3  | Noticed an ancient lich
 49356 | Crypt:3  | Killed an ancient lich
 49382 | Crypt:3  | Noticed an ancient lich
 49389 | Crypt:3  | Killed an ancient lich
 49389 | Crypt:3  | Identified the +5 dagger of Okawaru's Pride {drain, rElec
                  | rC++ Int+3} (Okawaru gifted it to you on level 3 of the
                  | Crypt)
 49389 | Crypt:3  | Received a gift from Okawaru
 49758 | Crypt:3  | Reached skill level 15 in Dodging
 49869 | Crypt:3  | Found a staircase to the Tomb.
 50256 | Vaults:5 | Entered Level 5 of the Vaults
 50309 | Vaults:5 | Reached XP level 23. HP: 185/185 MP: 27/30
 50312 | Vaults:5 | Identified the +2 helmet of Absence {Drain Regen+ MP+9
                  | Str+7} (Okawaru gifted it to you on level 5 of the Vaults)
 50312 | Vaults:5 | Received a gift from Okawaru
 50472 | Vaults:5 | Identified the ring "Yttaynt" {Ice +Blink Stlth+}
 51283 | Vaults:5 | Noticed Margery
 51290 | Vaults:5 | Killed Margery
 51437 | Vaults:5 | Got a silver rune of Zot
 52078 | Depths:2 | Identified the +1 helmet "Xistrez" {MP-9 Str+6 Int+3}
                  | (Okawaru gifted it to you on level 2 of the Depths)
 52078 | Depths:2 | Received a gift from Okawaru
 52254 | Depths:2 | Found a hazy altar of Hepliaklqana.
 52471 | Depths:2 | Found a one-way gate leading to the halls of Pandemonium.
 52534 | Depths:2 | Noticed Vv
 52690 | Depths:2 | Killed Vv
 52746 | Depths:2 | Found Reotohimn's Magic Scroll Shop.
 52761 | Depths:2 | Bought a scroll of poison for 76 gold pieces
 52761 | Depths:2 | Bought a scroll of immolation for 76 gold pieces
 52761 | Depths:2 | Bought a scroll of poison for 76 gold pieces
 52761 | Depths:2 | Bought a scroll of poison for 76 gold pieces
 52761 | Depths:2 | Bought a scroll of poison for 76 gold pieces
 52761 | Depths:2 | Bought a scroll of poison for 76 gold pieces
 53168 | Depths:3 | Gained mutation: Your magical and physical power is
                  | slightly enhanced at high health. [demonic ancestry]
 53168 | Depths:3 | Reached XP level 24. HP: 183/195 MP: 30/30
 53281 | Depths:3 | Received a gift from Okawaru
 53549 | Depths:3 | Found a sacrificial altar of Ru.
 53627 | Depths:3 | Noticed Sojobo
 53640 | Depths:3 | Killed Sojobo
 54230 | Depths:4 | Entered Level 4 of the Depths
 54405 | Depths:4 | Found an ancient bone altar of Kikubaaqudgha.
 55113 | Depths:4 | Found a gate to the Realm of Zot.
 55347 | Hell     | Entered the Vestibule of Hell
 55347 | Hell     | Noticed Geryon
 55349 | Hell     | Noticed Murray
 55377 | Depths:4 | Killed Murray
 55470 | Hell     | Killed Geryon
 55540 | Hell     | Received a gift from Okawaru
 55720 | Hell     | Found a gateway to the freezing wastes of Cocytus.
 55997 | Hell     | Found a gateway to the decaying netherworld of Tartarus.
 56022 | Hell     | Gained mutation: Your magical and physical power is
                  | enhanced at high health. [demonic ancestry]
 56022 | Hell     | Reached XP level 25. HP: 174/198 MP: 30/30
 56087 | Hell     | Found a gateway to the ashen valley of Gehenna.
 56210 | Hell     | Found a gateway to the Iron City of Dis.
 56342 | Depths:2 | Killed an ancient lich
 56347 | Depths:2 | Killed a dread lich
 56607 | Temple   | Fell from the grace of Okawaru
 56607 | Temple   | Became a worshipper of Makhleb the Destroyer
 56794 | Slime:1  | Entered Level 1 of the Pits of Slime
 56881 | Slime:1  | Reached * piety under Makhleb
 57256 | Slime:2  | You fall into a shaft and drop 2 floors!
 57256 | Slime:4  | Noticed Dissolution
 57264 | Slime:4  | Killed Dissolution
 57609 | Slime:5  | Entered Level 5 of the Pits of Slime
 57655 | Slime:5  | Reached ** piety under Makhleb
 57664 | Slime:5  | Found a viscous altar of Jiyva.
 57665 | Slime:5  | Noticed the Royal Jelly
 57713 | Slime:5  | Killed the Royal Jelly
 57736 | Slime:5  | Identified the +1 plate armour "Rodifejo" {Int+2 Slay+6
                  | Stlth+}
 57737 | Slime:5  | Identified the +0 leather armour of Insatiable Hunger
                  | {Int+7}
 57791 | Slime:5  | Gained mutation: You are dopey. (Int -2) [a shining eye]
 57793 | Slime:5  | Gained mutation: You occasionally lose the ability to drink
                  | potions when taking damage. [a shining eye]
 57965 | Slime:5  | Identified the amulet "Caosuery" {rF+ Regen+}
 57983 | Slime:5  | Identified the +9 scimitar "Jellybane" {vamp, Will+}
 58053 | Slime:5  | Identified the +2 flail "Jippeng" {vorpal, rC+}
 58059 | Slime:5  | Got a slimy rune of Zot
 58083 | Slime:5  | Got Tirro's Directory of Variation
 58112 | Slime:5  | Identified the +0 chain mail of Fedhas's Regard {Str+6}
 58116 | Slime:5  | Identified the +0 pair of boots "Haheenis" {*Corrode Regen+
                  | Int+6}
 58128 | Slime:5  | Got the Atlas of the Kinetic Geologist
 58854 | Slime:3  | Reached *** piety under Makhleb
 59185 | D:8      | Killed Tenar's ghost
 59292 | D:9      | Killed Rayvis's ghost
 59351 | D:9      | Voluntarily entered the Abyss.
 59410 | Abyss:1  | Found a burning altar of Makhleb.
 59419 | Abyss:1  | Found a burning altar of Makhleb.
 59441 | Abyss:1  | Paralysed by a floating eye for 3 turns
 59590 | Abyss:1  | Paralysed by an air elemental for 1 turns
 59918 | Abyss:1  | Reached **** piety under Makhleb
 60533 | Abyss:1  | Reached ***** piety under Makhleb
 60805 | Abyss:1  | Reached XP level 26. HP: 213/213 MP: 30/30
 60865 | Abyss:1  | Found a broken altar of Ashenzari.
 60885 | Abyss:1  | Found a broken altar of Ashenzari.
 61116 | Abyss:1  | Noticed a dread lich
 61127 | Abyss:1  | Killed a dread lich
 61616 | Abyss:1  | Reached ****** piety under Makhleb
 61767 | Abyss:1  | Paralysed by you for 3 turns
 62653 | Abyss:2  | Found a corrupted altar of Lugonu.
 62920 | Abyss:2  | Gained mutation: You sometimes lose the ability to drink
                  | potions when taking damage. [a neqoxec]
 63591 | Abyss:2  | Gained mutation: You occasionally shout uncontrollably at
                  | your foes. [a cacodemon]
 63609 | Abyss:2  | Was forgiven by Okawaru
 63892 | Abyss:2  | Noticed a dread lich
 63898 | Abyss:2  | Killed a dread lich
 64311 | Abyss:3  | Gained mutation: You occasionally lose the ability to read
                  | scrolls when taking damage. [a neqoxec]
 64318 | Abyss:4  | Found a corrupted altar of Lugonu.
 64376 | Abyss:4  | Lost mutation: You sometimes lose the ability to drink
                  | potions when taking damage. [potion of mutation]
 64376 | Abyss:4  | Lost mutation: You occasionally lose the ability to read
                  | scrolls when taking damage. [potion of mutation]
 64376 | Abyss:4  | Gained mutation: You are strong-willed. (Will+) [potion of
                  | mutation]
 64376 | Abyss:4  | Gained mutation: You are clumsy. (Dex -2) [potion of
                  | mutation]
 64376 | Abyss:4  | Gained mutation: You passively map a small area around you.
                  | [potion of mutation]
 64376 | Abyss:4  | Lost mutation: You are clumsy. (Dex -2) [potion of
                  | mutation]
 64437 | Abyss:4  | Found a corrupted altar of Lugonu.
 64508 | Abyss:4  | Gained mutation: Your magical and physical power is greatly
                  | enhanced at high health. [demonic ancestry]
 64508 | Abyss:4  | Reached XP level 27. HP: 222/222 MP: 30/30
 64948 | Abyss:4  | Paralysed by accursed screaming for 1 turns
 64959 | Abyss:4  | Paralysed by accursed screaming for 1 turns
 65031 | Abyss:4  | Paralysed by accursed screaming for 1 turns
 65107 | Abyss:4  | Paralysed by accursed screaming for 1 turns
 65272 | Abyss:4  | Noticed a dread lich
 65281 | Abyss:4  | Killed a dread lich
 65312 | Abyss:4  | Paralysed by accursed screaming for 1 turns
 65361 | Abyss:4  | Got an abyssal rune of Zot
 65451 | Abyss:4  | Gained mutation: Your magical capacity is low. (-10% MP) [a
                  | neqoxec]
 65453 | Abyss:4  | Gained mutation: You are clumsy. (Dex -2) [a neqoxec]
 65467 | Abyss:4  | Lost mutation: You are dopey. (Int -2) [potion of mutation]
 65467 | Abyss:4  | Lost mutation: You occasionally lose the ability to drink
                  | potions when taking damage. [potion of mutation]
 65467 | Abyss:4  | Lost mutation: You passively map a small area around you.
                  | [potion of mutation]
 65467 | Abyss:4  | Lost mutation: You are clumsy. (Dex -2) [potion of
                  | mutation]
 65565 | D:9      | Escaped the Abyss
 65688 | D:12     | Learned a level 7 spell: Storm Form
 65992 | Coc:1    | Entered Level 1 of Cocytus
 66022 | Coc:1    | You fall into a shaft and drop 1 floor!
 66043 | Coc:2    | Reached skill level 1 in Spellcasting
 66043 | Coc:2    | Reached skill level 1 in Transmutations
 66239 | Geh:1    | Entered Level 1 of Gehenna
 67075 | Geh:4    | Reached skill level 5 in Spellcasting
 67075 | Geh:4    | Reached skill level 5 in Transmutations
 68144 | Geh:7    | Entered Level 7 of Gehenna
 69311 | Geh:7    | Found the +7 sceptre of Asmodeus
 69311 | Geh:7    | Noticed Asmodeus
 69318 | Geh:7    | HP: 9/228 [Brimstone Fiend (10)]
 69326 | Geh:7    | HP: 7/228 [Asmodeus/damnation (33)]
 70225 | Pan      | Entered Pandemonium
 70229 | Pan      | Noticed Voskul the pandemonium lord
 70265 | Pan      | Found a runed translucent door.
 70492 | Pan      | Identified the ring "Qyurhemeni" {*Slow Int+6 Dex+2 SInv}
 70638 | Pan      | Noticed Igidam the pandemonium lord
 70657 | Pan      | Killed Igidam the pandemonium lord
 70746 | Pan      | Reached skill level 10 in Spellcasting
 70746 | Pan      | Reached skill level 10 in Transmutations
 70881 | Pan      | Entered the realm of Cerebov.
 71293 | Pan      | Found an exit through the horrors of the Abyss.
 71568 | Pan      | Found the +6 sword of Cerebov {flame}
 71568 | Pan      | Noticed Cerebov
 71696 | Pan      | Identified the +2 great mace of a volcano {chaos, *Corrode
                  | rF+ Int+2 Dex+6}
 71696 | Pan      | Identified the amulet of Suspicion {Reflect Rampage Dex+4
                  | SH+5}
 71755 | Pan      | Identified the +9 great mace of Cataclysm {flame, rN+++
                  | Will- rCorr Dex-5}
 71755 | Pan      | Identified the amulet "Ziap Nic" {Acrobat rF++ Regen+ Int+4
                  | Dex-4}
 71883 | Pan      | Killed Cerebov
 71895 | Pan      | Got a fiery rune of Zot
 71925 | Pan      | Identified the +1 hand axe of Animal Spirits {vorpal, rElec
                  | rCorr Dex-5 SInv}
 71932 | Pan      | Identified the amulet of Jealousy {Spirit Will+ Int+3}
 72079 | Pan      | Identified the ring "Jeshriofa" {rF+ Will+ Int+4 Dex+2
                  | Slay-4}
 72088 | Pan      | Identified the +5 ring mail "Wuoraeto" {Will- Str+7 Int+4
                  | Dex-5}
 72143 | Pan      | Identified the +7 dagger of the Moon {drain, rN++}
 72332 | Pan      | Gained mutation: You are weak. (Str -2) [mutagenic glow]
 72351 | Pan      | Gained mutation: You are frail. (-10% HP) [mutagenic glow]
 72538 | Pan      | Lost mutation: Your magical capacity is low. (-10% MP)
                  | [potion of mutation]
 72538 | Pan      | Lost mutation: You are strong-willed. (Will+) [potion of
                  | mutation]
 72538 | Pan      | Lost mutation: You are frail. (-10% HP) [potion of
                  | mutation]
 72538 | Pan      | Gained mutation: Your body sometimes deteriorates upon
                  | taking damage. [potion of mutation]
 72538 | Pan      | Gained mutation: You are agile. (Dex +4, Str/Int -1)
                  | [potion of mutation]
 72539 | Pan      | Lost mutation: You are agile. (Dex +4, Str/Int -1) [potion
                  | of mutation]
 72539 | Pan      | Lost mutation: Your body sometimes deteriorates upon taking
                  | damage. [potion of mutation]
 72539 | Pan      | Lost mutation: You occasionally shout uncontrollably at
                  | your foes. [potion of mutation]
 72539 | Pan      | Gained mutation: You have an increased reservoir of magic.
                  | (+10% MP) [potion of mutation]
 72539 | Pan      | Gained mutation: Your system is resistant to poisons.
                  | (rPois) [potion of mutation]
 72761 | Pan      | Took an exit into the Abyss.
 72761 | Abyss:4  | Escaped into the Abyss
 72770 | Depths:2 | Escaped the Abyss
 72830 | Zig:1    | Entered Level 1 of a ziggurat
 72847 | Zig:2    | Entered Level 2 of a ziggurat
 72917 | Zig:3    | Entered Level 3 of a ziggurat
 72948 | Zig:4    | Entered Level 4 of a ziggurat
 73018 | Zig:5    | Entered Level 5 of a ziggurat
 73022 | Zig:5    | Found the +3 greatsling "Punk" {acid, rCorr}
 73035 | Zig:5    | HP: 2/228 [iron giant/+0 giant club (28)]
 73064 | Zig:5    | Killed from afar by a war gargoyle

Illustrated notes

Levels and vault maps discovered:
D:1:      minmay_arrival_checkered_box, layout_basic, serial_glass,
          glass_columns_c, glass_columns_a, chequers_mini_garden
D:2:      layout_basic
D:3:      layout_basic, lemuel_doored_altar, serial_shops, shop_coins,
          uniq_robin
D:4:      layout_basic, mainiacjoe_overflow_big_doors, minmay_shop_mayhem
D:5:      layout_rooms, gup_sewer_entry_bowl, gammafunk_ghost_stat_death,
          wad_floor_pattern_untrapped
D:6:      layout_basic, minmay_temple_entry_mini_moons,
          gammafunk_ghost_necromancy
D:7:      layout_loops_ring, chequers_arboretum, hangedman_decor_points,
          minivault_25
D:8:      layout_basic, ebering_ghost_disaster_area, david_defended_altar_orc,
          uniq_joseph
D:9:      layout_loops_corners, dpeg_oklobed_lair,
          gammafunk_ghost_abyssal_escape
D:10:     layout_basic, serial_undead, serial_undead_f, serial_undead_b,
          serial_undead_e, serial_undead_f, minmay_shattered_shrine
D:11:     layout_roguey, slow_altar_2
D:12:     layout_loops_ring, zombieorc2_lemuel, minmay_circle_x
D:13:     layout_loops_ring, uniq_urug, uniq_snorg, uniq_jorgrun, uniq_lodul
D:14:     kennysheep_spiral_hall, layout_loops_ring, david_vaults_4,
          grunt_decor_mini_mirrors, nicolae_diode_intersection
D:15:     hangedman_depths_entry_civil_slaughter, layout_loops_corners,
          nicolae_hexahallways, nrook_mini_vaults, uniq_agnes, uniq_josephine,
          uniq_kirke
Temple:   hellmonk_temple_of_storms
Lair:1:   layout_cave_pods, uniq_amaemon, uniq_prince_ribbit2
Lair:2:   layout_chaotic_city, hellmonk_spider_entry_life_and_decay,
          bobbens_dragon_lair_wall
Lair:3:   layout_big_grid, minmay_shoals_entry_hut, uniq_sonja
Lair:4:   layout_regular_city, serial_bayou_pond_c
Lair:5:   minmay_lair_end_frog_pond, layout_hall_layers, slime_entry_1
Shoals:1: layout_shoals, shoals_oasis, nicolae_shoals_circle_sea_wall
Shoals:2: layout_shoals, serial_shops, shop, uniq_polyphemus
Shoals:3: layout_shoals, lemuel_altar_in_water2, uniq_bai_suzhen
Shoals:4: shoals_end_hellmonk_lost_city, serial_shops
Spider:1: layout_spider_delve, guppyfry_hornet_nest
Spider:2: layout_spider_delve, guppyfry_spider_mini_3, uniq_arachne
Spider:3: layout_chambers, nzn_ghost_randoct,
          hangedman_spider_tarantella_strand, uniq_mara
Spider:4: floodkiller_spider_rune_tomb, nicolae_spider_twisty_arc_passages
Slime:1:  layout_caves, cheibrodos_slime_lost_civilization_5
Slime:2:  layout_caves
Slime:3:  layout_caves
Slime:4:  layout_caves, uniq_dissolution
Slime:5
Orc:1:    layout_caves, kennysheep_orc_chapel
Orc:2:    grunt_orc_community_town_hall, layout_caves,
          grunt_orc_community_big_house_1, grunt_orc_community_big_house_2,
          grunt_orc_community_house_1, grunt_orc_community_house_2,
          grunt_orc_community_house_1, grunt_orc_community_house_1,
          grunt_orc_community_house_3, serial_shops, shop,
          nicolae_orc_crystal_geode
Elf:1:    nicolae_elf_arrival_fired_up, layout_gridlike, basic_altar,
          kennysheep_underground_church, lemuel_flamethrower_hall,
          minmay_shoptagon
Elf:2:    elven_hall_of_blades_hangedman_original [grunt_blade_entry_basic],
          layout_gridlike, lemuel_flame_loot_1, uniq_azrael
Elf:3:    minmay_elf_hall_x, layout_loops_corners, serial_shops, shop,
          amcnicky_altar_lugonu_corruption
Vaults:1: vaults_room_door_hall, vaults_dpeg_ring, ontoclasm_vaults_tryst,
          v_pattern_3, hangedman_vaults_unwind,
          dpeg_vaults_pockets_of_resistance, nicolae_vaults_specimen_jars,
          nicolae_vaults_border_crossing, vaults_room_corners,
          nicolae_vaults_hallways_thing, vaults_room_door_ring,
          vaults_room_grunt_arrival_ludios, vaults_room_ringed_pool,
          layout_vaults_maze_bifur
Vaults:2: hangedman_vaults_river_flow, grunt_vaults_hallway_long,
          ontoclasm_vaults_chip, nicolae_vaults_little_squares_4,
          ontoclasm_vaults_hangar, nicolae_vaults_little_squares_4, v_misc_5,
          hangedman_vaults_impose, ontoclasm_vaults_gateway,
          nicolae_vaults_gold_heap, layout_vaults_quadrants, enter_trove_6,
          uniq_zenata
Vaults:3: hangedman_vaults_hat, hangedman_vaults_capsules,
          minmay_crypt_entry_simple_box, hangedman_vaults_variations,
          v_pattern_2, grunt_vaults_swirl, nicolae_vaults_yaktaur_gun_rack,
          vaults_dpeg_hooks, layout_vaults_ring, serial_shops, bzr_in_the_mist,
          nicolae_shop_waterfront, nicolae_diamond_shop
Vaults:4: nicolae_vaults_little_squares_6, vaults_room_octagon,
          nicolae_vaults_diagonal_hallway_9, vaults_mumra_lcd,
          nicolae_vaults_network_s, nicolae_vaults_arrows, v_misc_33,
          hangedman_vaults_maws, ontoclasm_vaults_fault, nicolae_vaults_theta,
          v_misc_3, nicolae_vaults_little_squares_2, v_misc_5,
          layout_vaults_omnicross, serial_shops, shop, uniq_jory, uniq_boris
Vaults:5: uniq_margery
Crypt:1:  layout_chaotic_city, grunt_ministairs_15, minmay_misc_feat_columns,
          nicolae_crypt_ancient_font, hangedman_blasphemy,
          grunt_crypt_arrival_split, uniq_aizul
Crypt:2:  layout_chaotic_city, gammafunk_ghost_grave, uniq_xtahua
Crypt:3:  quadcrypt_mu, uniq_grunn
Depths:1: layout_gridlike, hellmouth_2, abyss_entry_crystal, minivault_22,
          nicolae_uskayaw_dance_hall
Depths:2: minmay_containers, layout_cave_pools, enter_ziggurat_c,
          minmay_room_of_horrors, nicolae_hepliaklqana_hippocampus, pan_entry,
          serial_shops, shop_statue, pf_hell_entry_tar_river, uniq_vv
Depths:3: minmay_imperfect_grid, layout_cave_pools, hell_entry,
          abyss_entry_small_statue_room, nicolae_ru_sacrificial_ziggurat,
          nicolae_figureground_sparkle, infiniplex_staircase_door_maze,
          uniq_sojobo
Depths:4: grunt_zot_entry_hairpin, layout_basic,
          nicolae_kikubaaqudgha_miasma_corner, hell_entry, minmay_misc_feat_x,
          serial_bayou_shore_a
Hell
Geh:1:    layout_gehenna_pools_box
Geh:2:    layout_gehenna_pools_triple
Geh:3:    layout_gehenna_lava_caves
Geh:4:    layout_gehenna_pools_basic
Geh:5:    layout_gehenna_pools_box
Geh:6:    layout_gehenna_pools_basic, gehenna_fire_generator,
          nicolae_geh_fourpack
Geh:7:    geh_mu
Coc:1:    layout_cocytus_water_paths
Coc:2:    layout_cocytus_delve
Zig:5

Skill      XL: |  1  2  3  4  5  6  7  8  9 10 11 12 13 14 15 16 17 18 19 20 21 22 23 24 25 26 27 |
---------------+----------------------------------------------------------------------------------+-----
Long Blades    | 2 |  2.0
Shields        | 3 4 5 6 7 8 9 10 12 13 14 15 16 17 18 19 20 21 22 23 24 25 | 25.0
Maces & Flails | 1 2 3 4 6 7 9 10 11 13 14 15 16 17 18 19 20 21 22 23 24 25 | 25.1
Armour         | 3 4 5 6 7 8 9 10 11 12 13 14 15 16 17 18 | 18.7
Dodging        | 1 2 3 4 5 6 7 8 9 10 11 12 13 14 15 16 17 18 | 18.6
Fighting       | 4 5 6 7 8 9 10 11 12 13 14 15 16 17 18 19 21 | 21.2
Invocations    | 3 6 10 | 10.2
Spellcasting   | 12 | 12.5
Transmutations | 12 | 12.3

Action                   |  1- 3 |  4- 6 |  7- 9 | 10-12 | 13-15 | 16-18 | 19-21 | 22-24 | 25-27 || total
-------------------------+-------+-------+-------+-------+-------+-------+-------+-------+-------++-------
Melee: Long sword        |    47 |       |       |       |       |       |       |       |       ||    47
       Dagger            |    67 |   176 |   455 |   128 |       |       |       |       |       ||   826
       Kick              |       |    10 |   140 |   262 |   331 |   444 |   615 |   900 |  1716 ||  4418
       Whip              |       |       |       |   628 |     4 |       |       |       |       ||   632
       Flail             |       |       |       |    50 |   859 |   970 |  1139 |  1397 |  2843 ||  7258
       Demon whip        |       |       |       |       |    14 |       |       |       |    86 ||   100
       Unarmed           |       |       |       |       |       |       |       |       |     8 ||     8
 Cast: Storm Form        |       |       |       |       |       |       |       |       |     1 ||     1
Invok: Heroism           |       |       |       |       |     4 |     2 |     1 |     3 |       ||    10
       Finesse           |       |       |       |       |       |     3 |    14 |    17 |     1 ||    35
 Abil: Evoke Blink       |       |       |       |     1 |       |       |     1 |       |       ||     2
Evoke: Wand              |       |       |     1 |     2 |     2 |       |       |       |     2 ||     7
       Piece from Xom's  |       |       |       |       |       |     5 |       |       |       ||     5
       Phantom mirror    |       |       |       |       |       |       |       |       |     3 ||     3
  Use: Scroll            |     6 |     9 |     6 |    11 |    11 |    12 |    14 |     4 |    17 ||    90
       Potion            |       |       |     8 |     6 |     4 |     6 |     8 |    14 |    48 ||    94
 Stab: Sleeping          |       |       |       |     1 |     3 |     2 |     2 |     3 |       ||    11
       Distracted        |       |       |       |       |    16 |    20 |    30 |    41 |    62 ||   169
       Invisible         |       |       |       |       |       |       |       |    14 |    11 ||    25
       Paralysed         |       |       |       |       |       |       |       |       |     1 ||     1
Armor: Scale mail        |    50 |    50 |    83 |   107 |       |    34 |   146 |   150 |   410 ||  1030
       Skin              |       |       |    26 |   248 |       |       |       |       |     1 ||   275
       Troll leather arm |       |       |       |    14 |       |       |       |       |       ||    14
       Acid dragon scale |       |       |       |    43 |    22 |       |       |       |       ||    65
       Leather armour    |       |       |       |       |    80 |    26 |       |       |       ||   106
       Ring mail         |       |       |       |       |       |   137 |     9 |    21 |       ||   167
Dodge: Dodged            |    38 |    74 |   166 |   503 |   525 |   576 |   510 |   743 |  1520 ||  4655
       Repelled          |       |       |       |     6 |     4 |     8 |    13 |    12 |    58 ||   101
Block: Buckler           |    29 |    61 |   202 |   451 |   620 |   877 |   400 |   548 |  1230 ||  4418
       Reflection        |       |       |       |       |    32 |    47 |       |       |       ||    79
       Kite shield       |       |       |       |       |       |       |    95 |   227 |   384 ||   706
       Rpst.: Flail      |       |       |       |       |       |       |    39 |    96 |       ||   135

Table legend: (Time is in decaauts)
 A = Elapsed time spent in this place.
 B = Non-inter-level travel time spent in this place.
 C = Inter-level travel time spent in this place.
 D = Time resting spent in this place.
 E = Time spent auto-exploring this place.
 F = Levels seen in this place.
 G = Mean time per level.
                   A        B        C        D        E       F      G
               +--------+--------+--------+--------+--------+-----+--------+
         Total |  71060 |  64912 |   6148 |   6884 |  39083 |  77 |  922.9 |
       Dungeon |  16875 |  14359 |   2516 |   1046 |  10027 |  15 | 1125.0 |
        Temple |    129 |    127 |      2 |     53 |      0 |   1 |  129.0 |
          Lair |   6434 |   5472 |    962 |    774 |   2960 |   5 | 1286.8 |
        Shoals |   3534 |   3338 |    196 |    642 |   1878 |   4 |  883.5 |
   Spider Nest |   6247 |   5913 |    334 |   1010 |   3667 |   4 | 1561.8 |
    Slime Pits |   2119 |   2056 |     63 |    302 |   1146 |   5 |  423.8 |
  Orcish Mines |   1996 |   1936 |     60 |    120 |   1023 |   2 |  998.0 |
   Elven Halls |   3834 |   3466 |    368 |    514 |   2060 |   3 | 1278.0 |
        Vaults |   8437 |   7577 |    860 |   1004 |   4748 |   5 | 1687.4 |
         Crypt |   3492 |   3392 |    100 |    128 |   2433 |   3 | 1164.0 |
        Depths |   4642 |   4185 |    457 |    209 |   2894 |   4 | 1160.5 |
          Hell |    863 |    748 |    115 |    190 |    299 |   1 |  863.0 |
       Gehenna |   3153 |   3045 |    108 |    432 |   1484 |   7 |  450.4 |
       Cocytus |    189 |    187 |      2 |      0 |    130 |   2 |   94.5 |
         Abyss |   5784 |   5784 |      0 |     74 |   2987 |   5 | 1156.8 |
   Pandemonium |   2401 |   2401 |      0 |    361 |   1005 |   3 |  800.3 |
      Ziggurat |    207 |    207 |      0 |     23 |     21 |   5 |   41.4 |
        Bazaar |    249 |    249 |      0 |      0 |    103 |   1 |  249.0 |
         Trove |     80 |     80 |      0 |      0 |      0 |   1 |   80.0 |
         Sewer |    385 |    385 |      0 |      0 |    212 |   1 |  385.0 |
               +--------+--------+--------+--------+--------+-----+--------+

Top non-repeatable levels by time:
 Abyss:1: 2868 daAuts
Vaults:1: 2134 daAuts
Spider:4: 2029 daAuts
Spider:2: 1873 daAuts
Vaults:2: 1828 daAuts
 Crypt:3: 1811 daAuts
   Elf:3: 1768 daAuts
    D:15: 1722 daAuts
 Abyss:2: 1718 daAuts
    D:14: 1708 daAuts
Vaults:4: 1609 daAuts
  Lair:1: 1538 daAuts
     D:9: 1517 daAuts
Spider:3: 1496 daAuts
Vaults:3: 1438 daAuts
